 Dungeon Crawl Stone Soup version 0.27-a0-216-g1fbed8a51c (webtiles) character file.

Game seed: 16245784378209705464

53 iamserjio the Skirmisher (level 3, 0/35 HPs)
             Began as a Gnoll Abyssal Knight on Jan 31, 2021.
             Was a Follower of Lugonu.
             Slain by a kobold (3 damage)
             ... on level 2 of the Dungeon.
             The game lasted 00:02:37 (434 turns).

iamserjio the Skirmisher (Gnoll Abyssal Knight)      Turns: 434, Time: 00:02:38

Health: 0/35       AC:  9    Str: 11    XL:     3   Next: 89%
Magic:  6/6        EV:  6    Int: 12    God:    Lugonu [*.....]
Gold:   77         SH:  0    Dex: 16    Spells: 4/4 levels left

rFire    x . .     SeeInvis .   f - +6 trident of Infinite Pain {pain, rF- Will+ Dex+5}
rCold    . . .     Faith    .   (no shield)
rNeg     . . .     Spirit   .   q - +0 chain mail (curse)
rPois    .         Reflect  .   (no helmet)
rElec    .         Harm     .   (no cloak)
rCorr    .         Rampage  .   (no gloves)
Will     +....                  (no boots)
Stlth    ..........             (no amulet)
HPRegen  0.11/turn              (no ring)
MPRegen  0.10/turn              (no ring)

@: no status effects
A: distributed training, fangs 1, strong nose
a: Renounce Religion, Depart the Abyss


You were on level 2 of the Dungeon.
You worshipped Lugonu.
Lugonu was aware of your devotion.
You visited 1 branch of the dungeon, and saw 2 of its levels.
You visited the Abyss 1 time.

You collected 77 gold pieces.

Inventory:

Hand Weapons
 a - a +1 falchion
 f - the +6 trident of Infinite Pain (weapon) {pain, rF- Will+ Dex+5}
   (You found it on level 2 of the Abyss)

   In the hands of one skilled in necromantic magic, it inflicts extra damage on
   living creatures.
   It affects your dexterity (+5).
   It makes you vulnerable to fire.
   It affects your willpower, your defense against some magical effects.
 n - a +0 dagger
Missiles
 g - 3 datura-tipped darts
 m - 25 bolts
Armour
 b - a +0 leather armour
 d - a +0 scale mail
 o - a +2 robe of positive energy
 q - a cursed +0 chain mail (worn)
Wands
 e - a wand of iceblast (9) {@v2}
Scrolls
 i - a scroll of noise {unknown}
 j - a scroll of teleportation {unknown}
 l - a scroll of amnesia {unknown}
 r - 2 scrolls of identify {unknown}
Potions
 h - a potion of flight {unknown}
 k - a potion of curing {unknown}
 p - a potion of mutation {unknown}


   Skills:
 + Level 6.5 Fighting
 + Level 1.0 Short Blades
 + Level 4.6 Long Blades
 + Level 1.0 Axes
 + Level 1.0 Maces & Flails
 + Level 1.0 Polearms
 + Level 1.0 Staves
 + Level 1.0 Slings
 + Level 1.0 Bows
 + Level 1.0 Crossbows
 + Level 1.0 Throwing
 + Level 4.6 Armour
 + Level 2.6 Dodging
 + Level 1.0 Stealth
 + Level 1.0 Shields
 + Level 1.0 Unarmed Combat
 + Level 1.0 Spellcasting
 + Level 0.7 Conjurations
 + Level 0.7 Hexes
 + Level 0.7 Summonings
 + Level 0.7 Necromancy
 + Level 0.7 Translocations
 + Level 0.7 Transmutations
 + Level 0.7 Fire Magic
 + Level 0.7 Ice Magic
 + Level 0.7 Air Magic
 + Level 0.7 Earth Magic
 + Level 0.7 Poison Magic
 + Level 4.6 Invocations
 + Level 1.0 Evocations


You had 4 spell levels left.
You didn't know any spells.
Your spell library was empty.

Dungeon Overview and Level Annotations

Branches:
Dungeon (2/15)

Altars:

Annotations:
D:2 Sigmund


Innate Abilities, Weirdness & Mutations

Your experience applies equally to all skills.
You have very sharp teeth.
Your uncanny sense of smell can sniff out nearby items.


Message History

Something completely misses you.
Reach: f) +6 trident of Infinite Pain {pain, rF- Will+ Dex+5} You reach to attack!
You completely miss something. Something hits you.
Reach: f) +6 trident of Infinite Pain {pain, rF- Will+ Dex+5} You reach to attack!
You hit something. Something hits you.
Reach: f) +6 trident of Infinite Pain {pain, rF- Will+ Dex+5} That would be overly suicidal.
Okay, then.
Something hits you!
* * * LOW HITPOINT WARNING * * *
You hit something.
The kobold hits you but does no damage. x2
You closely miss something. Something hits you!
* * * LOW HITPOINT WARNING * * *
The kobold closely misses you.
You puncture something! Something hits you.
* * * LOW HITPOINT WARNING * * *
The kobold hits you.
* * * LOW HITPOINT WARNING * * *
It was a potion of magic.
Magic courses through your body. The kobold hits you.
You die...

.[... .....
....$. #...... [
###g...... ...##
####.<.# ∆
......#....###
#..K{### #.
#..#@.## .
....###..# #.
....## ##.# .#.
... #..# #... ##
##.## ....######
####..# #......#
##....##
###.##<###..####
##.##.##..##


You could see a kobold.

Vanquished Creatures
  Jessica (D:2)
  An adder (D:2)
  An ooze (D:2)
  A dart slug (D:2)
  A bat (D:1)
  A goblin (D:2)
  2 hobgoblins
  A kobold (D:2)
  2 ball pythons
  2 frilled lizards (D:2)
  A rat (D:1)
14 creatures vanquished.

Notes
Turn   | Place    | Note
-------+----------+-------------------------------------------
     0 | Abyss:1  | iamserjio the Gnoll Abyssal Knight began the quest for the
                  | Orb.
     0 | Abyss:1  | Reached XP level 1. HP: 23/23 MP: 3/3
    63 | Abyss:2  | Got a brightly glowing trident
    64 | Abyss:2  | Identified the +6 trident of Infinite Pain {pain, rF- Will+
                  | Dex+5} (You found it on level 2 of the Abyss)
    89 | D:1      | Escaped the Abyss
   221 | D:2      | Reached XP level 2. HP: 24/29 MP: 5/5
   250 | D:2      | Noticed Jessica
   259 | D:2      | Killed Jessica
   259 | D:2      | Reached * piety under Lugonu
   260 | D:2      | Reached XP level 3. HP: 34/35 MP: 6/6
   339 | D:1      | Reached skill level 1 in Short Blades
   339 | D:1      | Reached skill level 1 in Axes
   339 | D:1      | Reached skill level 1 in Maces & Flails
   339 | D:1      | Reached skill level 1 in Polearms
   339 | D:1      | Reached skill level 1 in Staves
   339 | D:1      | Reached skill level 1 in Slings
   339 | D:1      | Reached skill level 1 in Bows
   339 | D:1      | Reached skill level 1 in Crossbows
   339 | D:1      | Reached skill level 1 in Throwing
   339 | D:1      | Reached skill level 1 in Stealth
   339 | D:1      | Reached skill level 1 in Shields
   339 | D:1      | Reached skill level 1 in Unarmed Combat
   339 | D:1      | Reached skill level 1 in Spellcasting
   339 | D:1      | Reached skill level 1 in Evocations
   414 | D:2      | Noticed Sigmund
   434 | D:2      | Slain by a kobold

Illustrated notes

Levels and vault maps discovered:
D:1:      evilmike_arrival_plus, layout_basic
D:2:      layout_rooms, uniq_sigmund, uniq_jessica

Skill      XL: |  1  2  3 |
---------------+----------+-----
Short Blades   | 1 |  1.0
Axes           | 1 |  1.0
Maces & Flails | 1 |  1.0
Polearms       | 1 |  1.0
Staves         | 1 |  1.0
Slings         | 1 |  1.0
Bows           | 1 |  1.0
Crossbows      | 1 |  1.0
Throwing       | 1 |  1.0
Stealth        | 1 |  1.0
Shields        | 1 |  1.0
Unarmed Combat | 1 |  1.0
Spellcasting   | 1 |  1.0
Evocations     | 1 |  1.0
Fighting       | |  6.5
Long Blades    | |  4.6
Armour         | |  4.6
Dodging        | |  2.6
Conjurations   | |  0.7
Hexes          | |  0.7
Summonings     | |  0.7
Necromancy     | |  0.7
Translocations | |  0.7
Transmutations | |  0.7
Fire Magic     | |  0.7
Ice Magic      | |  0.7
Air Magic      | |  0.7
Earth Magic    | |  0.7
Poison Magic   | |  0.7
Invocations    | |  4.6

Action                   || total
-------------------------++-------
Melee: Trident           ||    38
       Bite              ||     2
Invok: Depart the Abyss  ||     1
  Use: Potion            ||     1
Armor: Leather armour    ||     1
       Chain mail        ||     9
Dodge: Dodged            ||    12

Table legend: (Time is in decaauts)
 A = Elapsed time spent in this place.
 B = Non-inter-level travel time spent in this place.
 C = Inter-level travel time spent in this place.
 D = Time resting spent in this place.
 E = Time spent auto-exploring this place.
 F = Levels seen in this place.
 G = Mean time per level.
                   A        B        C        D        E       F      G
               +--------+--------+--------+--------+--------+-----+--------+
         Total |    444 |    426 |     18 |      0 |      0 |   4 |  111.0 |
       Dungeon |    355 |    337 |     18 |      0 |      0 |   2 |  177.5 |
         Abyss |     88 |     88 |      0 |      0 |      0 |   2 |   44.0 |
               +--------+--------+--------+--------+--------+-----+--------+

Top non-repeatable levels by time:
     D:2: 206 daAuts
     D:1: 149 daAuts
 Abyss:2: 65 daAuts
 Abyss:1: 23 daAuts
